Map: Dusk Towers

Players

CaiShen

  • Race: Zerg Zerg
  • League: Diamond

Midti - Winner!

  • Race: Protoss Protoss
  • League: Platinum

VOD

Have the link to the VOD?

Description

Time

  • Played on: Feb. 25, 2016, 3:35 p.m.
  • Length: 8:58
Show
View Real Time Build Order
Export as new Build Order

CaiShen Zerg 

Build Orders: Hatch First 

Get SALT Encoding   

  12  0:01  Drone  
  13  0:12  Overlord  
  13  0:21  Drone  
  13  0:25  Extractor, Drone  
  15  0:30  Drone  
  16  0:38  Drone  
  17  0:52  Hatchery  
  16  0:59  Drone x2  
  18  1:07  Extractor  
  17  1:18  Spawning Pool  
  16  1:19  Drone  
  16  1:20  Drone  
  18  1:27  Drone  
  19  1:38  Drone  
  20  2:04  Queen x2  
  20  2:05  Zergling x2  
  20  2:06  Zergling x4  
  27  2:10  Metabolic Boost  
  27  2:13  Overlord  
  27  2:22  Drone  
  28  2:32  Drone x2  
  28  2:34  Overlord  
  30  2:47  Queen  
  35  2:51  Drone x3  
  35  2:59  Queen  
  35  3:00  Drone x2  
  38  3:16  Roach Warren  
  38  3:19  Overlord  
  37  3:20  Drone x3  
  37  4:15  Spore Crawler  
  35  4:21  Extractor, Lair  
  35  4:23  Drone x5  
  35  4:24  Drone x7  
  47  4:27  Evolution Chamber  
  47  4:28  Evolution Chamber  
  42  4:33  Hatchery  
  40  4:44  Spore Crawler  
  39  4:45  Spore Crawler  
  39  4:48  Extractor  
  37  5:00  Zergling x2  
  37  5:01  Zergling x10, Spore Crawler  
  42  5:23  Overlord  
  42  5:24  Overlord x2  
  41  5:45  Drone x9  
  41  5:47  Hydralisk Den  
  49  6:09  Overlord x2  
  48  6:11  Spore Crawler  
  48  6:12  Drone x3  
  47  6:28  Hydralisk x4  
  47  6:30  Hydralisk  
  57  6:35  Zerg Missile Weapons Level 1  
  57  6:42  Hydralisk x2  
  61  6:51  Hydralisk x3  
  67  6:56  Muscular Augments  
  67  7:03  Overlord x2  
  67  7:11  Hydralisk x2  
  71  7:21  Hydralisk x3  
  75  7:32  Zergling x10  
  73  7:51  Zergling x22  
  80  7:58  Roach x2  
  82  8:11  Zergling x10, Spore Crawler  
  85  8:22  Hydralisk x2  
Show
View Real Time Build Order
Export as new Build Order

Midti Protoss - Winner!

Build Orders: 1 Gate Expand, Oracle Opening 

Get SALT Encoding   

  12  0:01  Probe (Chrono Boost)  
  13  0:12  Probe (Chrono Boost)  
  14  0:18  Pylon  
  14  0:23  Probe (Chrono Boost)  
  15  0:36  Probe (Chrono Boost)  
  15  0:38  Gateway  
  16  0:46  Probe (Chrono Boost)  
  17  0:52  Assimilator  
  17  0:57  Probe (Chrono Boost)  
  18  1:08  Probe (Chrono Boost)  
  20  1:18  Probe (Chrono Boost)  
  20  1:25  Nexus  
  20  1:37  Cybernetics Core  
  20  1:39  Probe (Chrono Boost)  
  21  1:45  Assimilator  
  21  1:50  Probe (Chrono Boost)  
  22  1:59  Pylon  
  22  2:01  Probe (Chrono Boost)  
  23  2:09  Warp Gate  
  23  2:17  Adept (Chrono Boost)  
  23  2:18  Probe (Chrono Boost)  
  26  2:28  Probe (Chrono Boost)  
  26  2:29  Stargate  
  27  2:39  Probe  
  27  2:40  Probe  
  31  2:44  Adept (Chrono Boost)  
  31  2:54  Probe  
  31  2:55  Probe  
  32  3:05  Gateway  
  32  3:07  Mothership Core  
  32  3:08  Gateway  
  32  3:09  Probe  
  35  3:17  Oracle (Chrono Boost)  
  38  3:26  Probe  
  39  3:28  Probe  
  40  3:38  Probe  
  40  3:40  Probe  
  42  3:44  Pylon  
  42  3:48  Assimilator  
  42  3:50  Probe  
  42  3:52  Assimilator  
  43  3:58  Probe  
  43  4:02  Probe  
  45  4:04  Phoenix (Chrono Boost)  
  45  4:07  Protoss Air Weapons Level 1  
  45  4:10  Probe  
  46  4:17  Probe  
  46  4:22  Probe  
  46  4:26  Phoenix (Chrono Boost)  
  48  4:34  Probe  
  49  4:42  Probe  
  50  4:47  Probe  
  50  4:48  Pylon, Phoenix (Chrono Boost)  
  50  4:50  Gateway  
  53  4:58  Stargate  
  53  5:07  Probe x2  
  53  5:09  Phoenix (Chrono Boost)  
  57  5:18  Adept  
  59  5:21  Adept  
  61  5:33  Pylon  
  61  5:36  Pylon  
  61  5:45  Nexus  
  61  5:51  Phoenix (Chrono Boost)  
  61  5:52  Pylon  
  61  5:53  Probe  
  61  5:55  Phoenix (Chrono Boost)  
  66  6:06  Adept, Zealot  
  66  6:11  Adept x2  
  72  6:13  Phoenix (Chrono Boost)  
  78  6:20  Phoenix (Chrono Boost)  
  78  6:46  Gateway  
  78  6:47  Pylon  
  78  6:50  Gateway  
  78  6:53  Gateway  
  78  6:57  Phoenix (Chrono Boost)  
  78  7:01  Phoenix (Chrono Boost)  
  82  7:02  Adept x4  
  90  7:11  Probe  
  90  7:12  Probe x2  
  93  7:19  Phoenix (Chrono Boost)  
  93  7:22  Adept x2  
  99  7:26  Phoenix (Chrono Boost)  
  101  7:42  Probe  
  101  7:43  Probe  
  100  7:44  Probe, Phoenix (Chrono Boost)  
  82  7:58  Probe  
  82  7:59  Adept x4  
  82  8:00  Probe x2  
  91  8:10  Adept x3  
  95  8:13  Probe  
  95  8:15  Probe x2  
  95  8:19  Assimilator  
  98  8:23  Assimilator  
  98  8:24  Probe  
  98  8:27  Pylon, Robotics Facility  
  99  8:28  Adept  
  99  8:32  Pylon  
  91  8:47  Adept x6  
Tags
 
Add a new tag
Caveats
  • Supply blocks, unpowered buildings, or Contaminate may cause inaccurate times.
  • Supply counts are checked every 10 seconds.